 Dungeon Crawl Stone Soup version 0.28.0-53-g5a82cb258f (webtiles) character file.

Game seed: 7930274889925873379

4 tkbsonic5 the Grasshopper (level 1, 0/17 HPs)
             Began as a Barachi Warper on Nov 29, 2022.
             Slain by a hobgoblin (3 damage)
             ... on level 2 of the Dungeon.
             The game lasted 00:02:26 (84 turns).

tkbsonic5 the Grasshopper (Barachi Warper)            Turns: 84, Time: 00:02:26

Health: 0/17       AC:  3    Str: 12    XL:     1   Next: 70%
Magic:  3/3        EV: 11    Int: 13    God:
Gold:   0          SH:  0    Dex: 11    Spells: 4/4 levels left

rFire   . . .      SeeInvis .   a - +0 falchion
rCold   . . .      Faith    .   (no shield)
rNeg    . . .      Spirit   .   b - +0 leather armour
rPois   .          Reflect  .   (no helmet)
rElec   .          Harm     .   (no cloak)
rCorr   .          Rampage  .   (no gloves)
Will    .....                   (no boots)
Stlth   +.........              (no amulet)
HPRegen 0.05/turn               (no ring)
MPRegen 0.08/turn               (no ring)

@: flying, slow
A: amphibious, slowness 1, strong legs 1, +LOS
a: Hop


You were on level 2 of the Dungeon.
You visited 1 branch of the dungeon, and saw 2 of its levels.

Inventory:

Hand Weapons
 a - a +0 falchion (weapon)
Armour
 b - a +0 leather armour (worn)


   Skills:
 * Level 2.6 Fighting
 * Level 2.5 Long Blades
 - Level 1.0 Throwing
 + Level 1.3 Armour
 - Level 2.1 Dodging
 + Level 2.2 Spellcasting
 + Level 3.3 Translocations


You had 4 spell levels left.
You didn't know any spells.
Your spell library contained the following spells:

 Spells                   Type           Power      Damage    Failure   Level
 Blink                    Tloc           20%        N/A       12%         2
 Gell's Gravitas          Tloc           10%        N/A       24%         3
 Lesser Beckoning         Tloc           10%        N/A       24%         3
 Teleport Other           Tloc           10%        N/A       24%         3
 Manifold Assault         Tloc           10%        N/A       92%         5


Dungeon Overview and Level Annotations

Branches:
Dungeon (2/15)

Altars:


Innate Abilities, Weirdness & Mutations

You are amphibious.
You cover ground slowly.
You can hop short distances.
You have an extended range of vision and can be seen from far away.


Message History

The bat closely misses you. The bat hits you but does no damage.
You hit the bat.
You kill the bat!
Throw: boomerang (disperse)
Press: ? - help, Q - select action, (/) - cycle Shift-Dir - straight line, f - hobgoblin
Aim: a hobgoblin (56% to hit)
You throw a boomerang of dispersal.
The boomerang of dispersal hits the hobgoblin but does no damage.
Found 16 gold pieces.
Okay, then.
An endoplasm comes into view.
Found a scroll labelled YKYMON MITHA.
The endoplasm quivers.
The hobgoblin closely misses you. The hobgoblin closely misses you.
The hobgoblin barely misses you.
Okay, then.
The hobgoblin barely misses you.
An endoplasm comes into view.
The endoplasm quivers.
You see here a bat corpse.
Found 16 arrows.
The hobgoblin hits you but does no damage.
The hobgoblin hits you but does no damage.
Found a scroll labelled ELIEZA UVUNO, a brown potion and 2 orange potions.
The endoplasm jiggles.
The endoplasm freezes you.
You are frozen.
* * * LOW HITPOINT WARNING * * *
The hobgoblin closely misses you. The endoplasm barely misses you.
You see here a brown potion.
c - a brown potion The endoplasm barely misses you.
It was a potion of flight.
You feel very buoyant.
You fly up into the air.
You are ready to hop once more.
The hobgoblin hits you.
You die...

#..###....#......!.
#...###...#........
#.#................
#.####..<........?.
#. ##†...........
#. #..##......## #.
#J###J...#.... #.
#.# #Jg..# . #. #.#
#@...# #.# #......#
#.# #........# ..#
#.....##.# .##
#####.# # # .# . ##


You could see 2 endoplasms and a hobgoblin.

Vanquished Creatures
  An endoplasm (D:1)
  A goblin (D:1)
  A hobgoblin (D:1)
  A bat (D:2)
4 creatures vanquished.

Notes
Turn   | Place    | Note
-------+----------+-------------------------------------------
     0 | D:1      | tkbsonic5 the Barachi Warper began the quest for the Orb.
     0 | D:1      | Reached XP level 1. HP: 17/17 MP: 3/3
    84 | D:2      | Slain by a hobgoblin

Illustrated notes

Levels and vault maps discovered:
D:1:      nzn_arrival_water_spiral, layout_basic, serial_shops,
          nicolae_shop_behind_doors, shapermc_ecumenical_altar_mp_highgroup
D:2:      layout_rooms, minmay_rat_gold_closets

Action                   || total
-------------------------++-------
Melee: Falchion          ||    16
Throw: Boomerang         ||     5
 Abil: Hop               ||     1
  Use: Scroll            ||     1
       Potion            ||     1
Armor: Leather armour    ||    11
Dodge: Dodged            ||    25
